[Event "Titled Tuesday Blitz February 21 Early 2023"]
[White "Souleidis, Georgios"]
[Black "Khamdamova, Afruza"]
[WhiteFideId "4206827"]
[BlackFideId "14210444"]
[WhiteElo "2419"]
[BlackElo "2162"]
[Result "1-0"]
[Round "11"]
[TimeControl "180+2"]
[Date "2023.02.21"]
[WhiteClock "0:02:24"]
[BlackClock "0:00:24"]

1. e4 e5 2. Nc3 Nf6 3. d4 exd4 4. Qxd4 Nc6 5. Qd3 Bb4 6. Bd2 d6 7. O-O-O O-O 8. Qg3 Be6 9. h4 a5 10. h5 Kh8 11. h6 g6 12. a3 Bc5 13. Bg5 Bd4 14. Nge2 Be5 15. f4 Bxc3 16. Qxc3 1-0


[Site "https://www.chess.com"]

[Event "Titled Tuesday Blitz February 21 Early 2023"]
[White "Stijve, Theo"]
[Black "Cunha, Lucas Aguiar"]
[WhiteFideId "1331132"]
[BlackFideId "2125404"]
[WhiteElo "2351"]
[BlackElo "2309"]
[Result "1-0"]
[Round "11"]
[TimeControl "180+2"]
[Date "2023.02.21"]
[WhiteClock "0:00:40"]
[BlackClock "0:01:03"]

1. e4 c5 2. Nf3 e6 3. d4 cxd4 4. Nxd4 Nc6 5. Nc3 Qc7 6. Be2 a6 7. O-O Nf6 8. Be3 Bb4 9. Nxc6 bxc6 10. f4 O-O 11. e5 Nd5 12. Nxd5 cxd5 13. c3 Be7 14. Rc1 Rb8 15. b4 a5 16. b5 d6 17. Bd4 dxe5 18. fxe5 Bg5 19. Rb1 Bd7 20. a4 f6 21. b6 Qd8 22. Bc5 Rf7 23. b7 Bc6 24. Ba6 Bxb7 25. Bd6 Bxa6 26. Rxb8 Bc8 27. Qb1 Be3+ 28. Kh1 Ba7 29. Ra8 Qd7 30. Qb5 Qd8 31. Qxa5 1-0


[Site "https://www.chess.com"]

[Event "Titled Tuesday Blitz February 21 Early 2023"]
[White "Jakubowski, Krzysztof"]
[Black "Zacurdajev, Dmitry"]
[WhiteFideId "1112848"]
[BlackFideId "4196309"]
[WhiteElo "2486"]
[BlackElo "2273"]
[Result "1-0"]
[Round "11"]
[TimeControl "180+2"]
[Date "2023.02.21"]
[WhiteClock "0:01:15"]
[BlackClock "0:00:40"]

1. e4 c6 2. Nf3 d5 3. d3 e6 4. Nbd2 Nf6 5. g3 Be7 6. Bg2 O-O 7. O-O c5 8. e5 Nfd7 9. Re1 Nc6 10. Nf1 b5 11. h4 Re8 12. h5 h6 13. Bf4 a5 14. Qd2 Bf8 15. g4 f6 16. exf6 Nxf6 17. N1h2 Bd6 18. Ne5 Nxe5 19. Bxe5 Bxe5 20. Rxe5 Qd6 21. Rae1 Nd7 22. Rxd5 exd5 23. Rxe8+ Nf8 24. Qe2 Bb7 25. Rxa8 Bxa8 26. Qe8 Bc6 27. Qc8 Qe6 28. Qc7 a4 29. Nf1 Nd7 30. c4 bxc4 31. dxc4 Nf6 32. Ne3 Ne4 33. cxd5 Bxd5 34. Qd8+ 1-0


[Site "https://www.chess.com"]

[Event "Titled Tuesday Blitz February 21 Early 2023"]
[White "Andreev, Eduard"]
[Black "Rottenwohrer Suarez, Juan"]
[WhiteFideId "14103400"]
[BlackFideId "32068182"]
[WhiteElo "2413"]
[BlackElo "2265"]
[Result "1/2-1/2"]
[Round "11"]
[TimeControl "180+2"]
[Date "2023.02.21"]
[WhiteClock "0:00:06"]
[BlackClock "0:00:07"]

1. d4 Nf6 2. c4 g6 3. Nc3 Bg7 4. g3 O-O 5. Bg2 d6 6. Nf3 Nc6 7. O-O e5 8. d5 Nb8 9. e4 a5 10. Ne1 Na6 11. Nd3 b6 12. h3 Nc5 13. Be3 Ne8 14. a3 f5 15. b4 axb4 16. Nxb4 f4 17. Bxc5 bxc5 18. Nc6 Qg5 19. h4 Qh6 20. Ne7+ Kh8 21. Nxc8 Rxc8 22. Qg4 Nf6 23. Qg5 fxg3 24. fxg3 Qxg5 25. hxg5 Nh5 26. Kh2 h6 27. gxh6 Bxh6 28. Nb5 Kg7 29. Bh3 Rxf1 30. Rxf1 Ra8 31. Rf3 Bc1 32. Rc3 Bd2 33. Rd3 Ba5 34. Be6 Rf8 35. Kg2 Nf6 36. Re3 Nh7 37. Re2 Ng5 38. Bd7 Rf7 39. Bg4 Rf8 40. Na7 Bb6 41. Nc6 Ra8 42. Re3 Nh7 43. Be2 Nf6 44. Kf3 Kf7 45. Rb3 Ng8 46. Ke3 Ne7 47. Bg4 Nxc6 48. dxc6 Kf6 49. Ke2 Ra5 50. Rf3+ Kg7 51. Rb3 Ra7 52. Be6 Kf6 53. Bh3 Kg7 54. Kd3 Ra8 55. Rxb6 Rxa3+ 56. Kc2 cxb6 57. c7 Ra8 58. c8=Q Rxc8 59. Bxc8 Kf6 60. Bb7 Kg5 61. Kd3 Kg4 62. Ke3 Kxg3 63. Bc8 g5 64. Bf5 Kg2 65. Bg4 Kg3 66. Be6 Kg2 67. Bd7 Kg3 68. Be6 Kg2 69. Ke2 Kg3 70. Ke3 1/2-1/2


[Site "https://www.chess.com"]

[Event "Titled Tuesday Blitz February 21 Early 2023"]
[White "Manukyan, Sargis A."]
[Black "Kvaloy, Aksel Bu"]
[WhiteFideId "13303970"]
[BlackFideId "1528815"]
[WhiteElo "2158"]
[BlackElo "2321"]
[Result "1-0"]
[Round "11"]
[TimeControl "180+2"]
[Date "2023.02.21"]
[WhiteClock "0:00:21"]
[BlackClock "0:00:24"]

1. d4 Nf6 2. c4 e6 3. Nc3 Bb4 4. a3 Bxc3+ 5. bxc3 c5 6. e3 O-O 7. Bd3 d6 8. Ne2 Nc6 9. O-O b6 10. e4 Ne8 11. Ng3 e5 12. d5 Ne7 13. f4 f6 14. f5 Bd7 15. Nh5 Rf7 16. g4 h6 17. h4 Kf8 18. Ra2 Ng8 19. Rg2 Bc8 20. g5 Ke7 21. gxf6+ Nexf6 22. Nxg7 Qf8 23. Ne6 Bxe6 24. fxe6 Rg7 25. Qf3 Re8 26. Rxg7+ Qxg7+ 27. Kh1 Qg4 28. Qxg4 Nxg4 29. Rf7+ Kd8 30. Rd7+ Kc8 31. Rf7 N8f6 32. Bxh6 Nxe4 33. Bxe4 Nxh6 34. Rg7 Kd8 35. Rxa7 Ng4 36. Bg6 Re7 37. Ra8+ Kc7 38. h5 e4 39. Kg2 Ne3+ 40. Kf2 Nxc4 41. h6 Ne5 42. Bxe4 Ng4+ 43. Kf3 Nxh6 44. Rh8 Nf7 45. exf7 Rxf7+ 46. Ke3 Re7 47. Rh7 Rxh7 48. Bxh7 b5 49. Kd3 Kb6 50. Kc2 Ka5 51. Kb2 Ka4 52. Bc2+ Ka5 53. Bd3 Ka4 54. Bc2+ Ka5 55. Bd1 Kb6 56. Be2 Ka5 57. Bf1 Ka4 58. Kc2 b4 59. axb4 cxb4 60. c4 Ka3 61. c5 Ka2 62. Bc4+ Ka1 63. cxd6 b3+ 64. Kxb3 Kb1 65. Kc3 Ka1 66. Bb3 Kb1 67. d7 Ka1 68. d8=Q Kb1 69. d6 Ka1 70. d7 Kb1 71. Qe8 Ka1 72. d8=Q Kb1 73. Qee7 Ka1 74. Qdd7 Kb1 75. Qde8 Ka1 76. Q8f7 Kb1 77. Qe2 Ka1 78. Qff2 Kb1 79. Qg2 Ka1 80. Qef2 Kb1 81. Qh2 Ka1 82. Qhg3 Kb1 83. Qgf4 Ka1 84. Q4e3 Kb1 85. Qc1+ Kxc1 86. Qc2# 1-0


[Site "https://www.chess.com"]

[Event "Titled Tuesday Blitz February 21 Early 2023"]
[White "Bas Mas, Jose Joaquin"]
[Black "Sharapov, Evgeny"]
[WhiteFideId "22219064"]
[BlackFideId "14103133"]
[WhiteElo "2197"]
[BlackElo "2375"]
[Result "1-0"]
[Round "11"]
[TimeControl "180+2"]
[Date "2023.02.21"]
[WhiteClock "0:00:40"]
[BlackClock "0:00:06"]

1. e4 c5 2. Nc3 Nc6 3. Bb5 Nd4 4. Nf3 g6 5. Kf1 Bg7 6. Bd3 e6 7. g3 Ne7 8. Kg2 O-O 9. h4 h5 10. Nxd4 cxd4 11. Ne2 d5 12. f3 b6 13. b3 Bb7 14. Bb2 dxe4 15. fxe4 f5 16. Nf4 fxe4 17. Bc4 Qd6 18. Rg1 Bd5 19. Rf1 Bxc4 20. bxc4 e5 21. Nh3 Qc6 22. Qe2 Nf5 23. Ba3 Rfc8 24. Rxf5 gxf5 25. Qxh5 Qh6 26. Qxf5 Qxd2+ 27. Kh1 Rf8 28. Bxf8 Rxf8 29. Qe6+ Kh8 30. Ng5 Qe2 31. Qg6 Rf1+ 32. Rxf1 Qxf1+ 33. Kh2 Qf2+ 34. Kh3 Qf1+ 35. Kg4 Kg8 36. Qe6+ Kh8 37. Qe8+ Bf8 38. Qxe5+ Kg8 39. Qe6+ Kg7 40. Qxe4 Qd1+ 41. Kf5 Qf1+ 42. Qf3 Qxc4 43. Qb7+ 1-0


[Site "https://www.chess.com"]

[Event "Titled Tuesday Blitz February 21 Early 2023"]
[White "Jimenez Jimenez, Leandro"]
[Black "Ziatdinov, Raset"]
[WhiteFideId "6415253"]
[BlackFideId "2015323"]
[WhiteElo "2146"]
[BlackElo "2101"]
[Result "1/2-1/2"]
[Round "11"]
[TimeControl "180+2"]
[Date "2023.02.21"]
[WhiteClock "0:00:06"]
[BlackClock "0:00:09"]

1. d4 Nf6 2. c4 g6 3. Nf3 Bg7 4. g3 O-O 5. Nc3 d5 6. Bg2 c6 7. cxd5 cxd5 8. Bf4 Ne4 9. Rc1 Nxc3 10. Rxc3 Nc6 11. h3 Bf5 12. g4 Be4 13. e3 Rc8 14. O-O Qb6 15. Qb3 Qxb3 16. Rxb3 Na5 17. Ra3 b6 18. b4 Nc6 19. Ne5 Bxg2 20. Kxg2 Nxb4 21. Rxa7 Bxe5 22. Bxe5 f6 23. Bg3 Kf7 24. Rb1 Nc6 25. Rb7 Ra8 26. R1xb6 Rfc8 27. Rb2 Na5 28. Rd7 Ke6 29. Rdb7 Nxb7 30. Rxb7 Rxa2 31. Rb6+ Kf7 32. Rb7 Rd8 33. Rc7 Ra6 34. Rb7 Ke6 35. Kf3 Rd7 36. Rb8 Kf7 37. Rh8 Kg7 38. Re8 Re6 39. h4 Re4 40. g5 h5 41. gxf6+ Kxf6 42. Bf4 e6 43. Bg5+ Kf7 44. Rb8 Kg7 45. Kg3 Rf7 46. Bf4 Rfxf4 47. exf4 Rxd4 48. Re8 Kf7 49. Rb8 Rd3+ 50. Kg2 Ra3 51. Rb7+ Kf6 52. Rd7 Kf5 53. Rf7+ Kg4 54. Rf6 d4 55. Rxe6 Kxf4 56. Rxg6 d3 57. Rd6 Ke5 58. Rd8 Ke4 59. Kg3 Ra1 60. f3+ Ke3 61. Re8+ Kd2 62. Kf4 Re1 63. Rd8 Ke2 64. Kg5 Rg1+ 65. Kxh5 d2 66. f4 d1=Q 67. Rxd1 Kxd1 68. f5 Ke2 69. f6 Ke3 70. Kh6 Ke4 71. f7 Rf1 72. Kg7 Rxf7+ 73. Kxf7 Kf5 74. h5 Kg5 75. Kg7 Kxh5 1/2-1/2


[Site "https://www.chess.com"]

[Event "Titled Tuesday Blitz February 21 Early 2023"]
[White "Iljin, Timofey"]
[Black "Demchenko, Anton"]
[WhiteFideId "14110180"]
[BlackFideId "4160258"]
[WhiteElo "2329"]
[BlackElo "2623"]
[Result "0-1"]
[Round "11"]
[TimeControl "180+2"]
[Date "2023.02.21"]
[WhiteClock "0:00:16"]
[BlackClock "0:00:40"]

1. e4 c5 2. c3 Nf6 3. e5 Nd5 4. d4 cxd4 5. cxd4 d6 6. Nf3 dxe5 7. Nxe5 e6 8. Bb5+ Nd7 9. Nxd7 Bxd7 10. Bxd7+ Qxd7 11. O-O Be7 12. Nc3 O-O 13. Bd2 Rfd8 14. Qf3 Bf6 15. Be3 Rac8 16. Ne4 b6 17. Rfd1 Be7 18. h3 h6 19. Rac1 Bf8 20. Qg3 Kh8 21. Qe5 Rxc1 22. Rxc1 f5 23. Bxh6 fxe4 24. Bg5 Rc8 25. Rxc8 Qxc8 26. Qxe4 Kg8 27. h4 Qe8 28. g4 Qf7 29. h5 Bd6 30. Kg2 Bf4 31. Bxf4 Nxf4+ 32. Kh2 Nd5 33. Kg2 Qf6 34. a3 Kf8 35. b4 Ke7 36. b5 Kd7 37. Kg3 Qe7 38. f4 Qxa3+ 39. Kh4 Qe7+ 40. g5 Qf8 41. Kg4 Qf7 42. g6 Qf5+ 43. Kf3 Qxh5+ 44. Kf2 Qh4+ 45. Kg1 Qg3+ 46. Kh1 Qxf4 47. Qc2 Qh4+ 48. Kg2 Ne3+ 0-1


[Site "https://www.chess.com"]

[Event "Titled Tuesday Blitz February 21 Early 2023"]
[White "Zhukova, Natalia"]
[Black "Tan, Jun Ying"]
[WhiteFideId "14101513"]
[BlackFideId "5710413"]
[WhiteElo "2324"]
[BlackElo "2307"]
[Result "1-0"]
[Round "11"]
[TimeControl "180+2"]
[Date "2023.02.21"]
[WhiteClock "0:00:05"]
[BlackClock "0:00:35"]

1. c4 c6 2. e4 e5 3. Nf3 d6 4. d4 Nd7 5. Nc3 Ngf6 6. Be2 Be7 7. O-O O-O 8. h3 a6 9. a4 Qc7 10. Be3 Ne8 11. Qc2 g6 12. Rfd1 a5 13. Rac1 Ng7 14. Bh6 Re8 15. d5 c5 16. Ne1 Qd8 17. Nd3 Bg5 18. Bxg5 Qxg5 19. Nb5 Nf6 20. Nxd6 Bxh3 21. Bf1 Re7 22. Nxc5 Bg4 23. Re1 Ngh5 24. Ndxb7 Nf4 25. Re3 Bc8 26. Nd6 Ng4 27. Rg3 Qh4 28. Rh3 Nxh3+ 29. gxh3 Nf6 30. f3 Bxh3 31. Bxh3 Qxh3 32. Qg2 Qh6 33. Rc3 Nh5 34. Nd3 Qe3+ 35. Qf2 Qg5+ 36. Qg2 Qh4 37. Nf2 Nf4 38. Qh2 Ne2+ 39. Kh1 Qxh2+ 40. Kxh2 Nxc3 41. bxc3 Rc7 42. Nd3 f6 43. c5 Rd8 44. Nb5 Rcc8 45. c6 Kf7 46. Nc5 Ke7 47. Nb7 Rf8 48. d6+ Ke6 49. Nc5+ Kf7 50. c7 f5 51. d7 Rxc7 52. Nxc7 Ke7 53. Nd5+ Kd6 54. Nb7+ Kxd7 55. Nxa5 Kd6 56. Nc4+ Ke6 57. a5 fxe4 58. fxe4 Ra8 59. Nc7+ Kd7 60. Nxa8 Kc6 61. Nab6 Kb5 62. Nxe5 Kxa5 63. Nd5 Kb5 64. Kg3 Kc5 65. Kf4 Kd6 66. Nd3 h6 67. c4 g5+ 68. Kf5 Kc6 69. c5 Kb5 70. Kg4 Kc6 71. Kh5 Kb5 72. Kxh6 g4 73. N5f4 g3 74. Kg5 Kc4 75. Kg4 g2 76. Nxg2 Kxd3 77. c6 Kxe4 78. c7 Kd5 79. c8=Q Kd6 80. Qf5 Kc6 81. Nf4 Kb6 82. Qd5 Kc7 83. Nd3 Kb8 84. Qc6 Ka7 85. Kf5 Kb8 86. Ke5 Ka7 87. Kd6 Kb8 88. Qb5+ Ka7 89. Nc5 Ka8 90. Qb7# 1-0


[Site "https://www.chess.com"]

[Event "Titled Tuesday Blitz February 21 Early 2023"]
[White "Bambino Filho, Antonio Carlos"]
[Black "Pajeken, Jakob Leon"]
[WhiteFideId "2113163"]
[BlackFideId "12942839"]
[WhiteElo "2144"]
[BlackElo "2417"]
[Result "0-1"]
[Round "11"]
[TimeControl "180+2"]
[Date "2023.02.21"]
[WhiteClock "0:00:27"]
[BlackClock "0:01:25"]

1. e4 e5 2. Nf3 Nc6 3. Nc3 Nf6 4. Be2 g6 5. O-O Bg7 6. d4 exd4 7. Nxd4 d6 8. Be3 O-O 9. h3 Re8 10. Nxc6 bxc6 11. Bf3 Rb8 12. Rb1 Nd7 13. Bxa7 Ra8 14. Bd4 Ne5 15. Be2 c5 16. Be3 Bb7 17. f4 Nc6 18. Bc4 Nd4 19. Bd5 c6 20. Bc4 d5 21. Bd3 dxe4 22. Bc4 Nf5 23. Bf2 Qa5 24. g4 Nd4 25. Be3 Nf3+ 26. Kg2 Bd4 27. Qe2 Rad8 28. Rbd1 Bxc3 29. bxc3 Qxc3 30. f5 Rxd1 31. Rxd1 Nd4 32. Bxd4 cxd4 33. fxg6 hxg6 34. Rf1 Re7 35. Bb3 d3 36. Qf2 e3 37. Qf4 c5+ 38. Kh2 e2 39. Bxf7+ Kg7 0-1


[Site "https://www.chess.com"]

[Event "Titled Tuesday Blitz February 21 Early 2023"]
[White "Poeta, Caio Medeiros"]
[Black "Yurovskykh, Oleksandr"]
[WhiteFideId "2142660"]
[BlackFideId "14134020"]
[WhiteElo "2088"]
[BlackElo "2328"]
[Result "0-1"]
[Round "11"]
[TimeControl "180+2"]
[Date "2023.02.21"]
[WhiteClock "0:00:30"]
[BlackClock "0:00:28"]

1. d4 d5 2. c4 dxc4 3. Nf3 Nf6 4. g3 b5 5. Bg2 Bb7 6. O-O e6 7. a4 a6 8. b3 Nbd7 9. bxc4 bxc4 10. Qc2 c5 11. dxc5 Bxc5 12. Qxc4 O-O 13. Bb2 Qe7 14. Nc3 Rfc8 15. Qh4 Rab8 16. Rab1 Nf8 17. Rfc1 Ng6 18. Qg5 Bxf2+ 19. Kxf2 Rxc3 20. Qa5 Rxc1 21. Bxc1 Rc8 22. Bg5 Ne4+ 23. Kg1 Nxg5 24. Nxg5 Bxg2 25. Kxg2 Rc5 26. Rb8+ Nf8 27. Qb4 Qxg5 28. a5 Qd5+ 29. Kh3 h6 30. Qb6 Qh5+ 31. Kg2 Qxe2+ 32. Kh3 Rh5# 0-1


[Site "https://www.chess.com"]

[Event "Titled Tuesday Blitz February 21 Early 2023"]
[White "Aggelis, Nikolaos"]
[Black "Shuvalov, Evgenij"]
[WhiteFideId "4213220"]
[BlackFideId "4187237"]
[WhiteElo "2270"]
[BlackElo "2038"]
[Result "1-0"]
[Round "11"]
[TimeControl "180+2"]
[Date "2023.02.21"]
[WhiteClock "0:00:26"]
[BlackClock "0:00:20"]

1. c4 Nf6 2. g3 c6 3. Bg2 d5 4. d4 g6 5. Nf3 Bg7 6. O-O O-O 7. Nbd2 a5 8. cxd5 cxd5 9. Ne5 a4 10. Ndf3 Ne4 11. Bf4 f6 12. Nd3 Nc6 13. Bd2 Qb6 14. Bc3 Bf5 15. e3 a3 16. Rb1 axb2 17. Rxb2 Qa6 18. Bb4 b6 19. Nh4 Rfd8 20. Nxf5 gxf5 21. Nf4 Qc8 22. Qb3 Nxb4 23. Qxb4 e5 24. Nh5 Qe6 25. Qxb6 Qxb6 26. Rxb6 Rxa2 27. Bxe4 dxe4 28. Nxf6+ Bxf6 29. Rxf6 exd4 30. exd4 Ra5 31. Rd1 Kg7 32. Rb6 Rad5 33. Rb4 Kg6 34. Kg2 Kg5 35. h4+ Kg4 36. Rb7 R8d7 37. Rxd7 Rxd7 38. Ra1 f4 39. gxf4 Kxh4 40. f3 Rxd4 41. Rh1# 1-0


[Site "https://www.chess.com"]

[Event "Titled Tuesday Blitz February 21 Early 2023"]
[White "Abdilkhair, Abilmansur"]
[Black "Fiorito, Francisco"]
[WhiteFideId "13716417"]
[BlackFideId "180165"]
[WhiteElo "2268"]
[BlackElo "2305"]
[Result "1-0"]
[Round "11"]
[TimeControl "180+2"]
[Date "2023.02.21"]
[WhiteClock "0:01:17"]
[BlackClock "0:00:14"]

1. d4 Nf6 2. c4 b6 3. Nc3 Bb7 4. d5 e5 5. e4 Bc5 6. h3 O-O 7. Nf3 d6 8. a3 a5 9. Rb1 Na6 10. Bg5 h6 11. Bh4 Re8 12. Qd2 Bc8 13. Bd3 Kf8 14. Ne2 a4 15. O-O Bd7 16. Kh1 g5 17. Nxg5 hxg5 18. Bxg5 Kg7 19. Ng3 Rh8 20. f4 Bd4 21. Ne2 Qe7 22. Nxd4 exd4 23. e5 dxe5 24. fxe5 Qxe5 25. Bxf6+ Qxf6 26. Rxf6 Kxf6 27. Rf1+ Ke7 28. Qg5+ Kf8 29. Qf6 1-0


[Site "https://www.chess.com"]

[Event "Titled Tuesday Blitz February 21 Early 2023"]
[White "Heinemann, Josefine"]
[Black "Fisher_TheGalactic"]
[WhiteFideId "12900460"]
[WhiteElo "2289"]
[BlackElo "2535"]
[Result "0-1"]
[Round "11"]
[TimeControl "180+2"]
[Date "2023.02.21"]
[WhiteClock "0:00:36"]
[BlackClock "0:01:45"]

1. e4 b6 2. d4 Bb7 3. Bd3 Nf6 4. Qe2 e6 5. Nf3 d5 6. e5 Ne4 7. Be3 c5 8. c3 Nc6 9. h4 cxd4 10. cxd4 Bb4+ 11. Kf1 f5 12. exf6 Qxf6 13. h5 O-O 14. h6 g6 15. a3 Bd6 16. Nc3 Ne7 17. Bxe4 dxe4 18. Ng5 Nf5 19. Ngxe4 Ng3+ 20. Nxg3 Bxg3 21. Kg1 Ba6 22. Qxa6 Bxf2+ 23. Bxf2 Qxf2+ 24. Kh2 Rf4 25. Qd3 Rh4+ 26. Qh3 Rxh3+ 27. Kxh3 Rf8 28. Ne4 Qf5+ 0-1


[Site "https://www.chess.com"]

[Event "Titled Tuesday Blitz February 21 Early 2023"]
[White "Lehtosaari, Mauri"]
[Black "Andrews, Todd"]
[WhiteFideId "501999"]
[BlackFideId "2012456"]
[WhiteElo "2176"]
[BlackElo "2220"]
[Result "1-0"]
[Round "11"]
[TimeControl "180+2"]
[Date "2023.02.21"]
[WhiteClock "0:00:13"]
[BlackClock "0:00:11"]

1. d4 Nf6 2. Nf3 g6 3. Bg5 Bg7 4. c3 O-O 5. Nbd2 d6 6. e4 Nbd7 7. Be2 e5 8. dxe5 dxe5 9. O-O h6 10. Bxf6 Qxf6 11. Nc4 Qe6 12. Ne3 c6 13. Bc4 Qe7 14. a4 Nc5 15. Qc2 Be6 16. b4 Bxc4 17. Nxc4 Nd7 18. Rad1 Rad8 19. a5 Rfe8 20. Qe2 Nf8 21. Qe3 Kh7 22. Qxa7 g5 23. h3 Ng6 24. Rxd8 Rxd8 25. Ne3 Rd3 26. Nf5 Qd7 27. Qc5 Bf6 28. Qc4 Nf4 29. Kh2 h5 30. Ne1 Rd2 31. Nf3 Rd3 32. Ng1 g4 33. g3 Nxh3 34. Nxh3 gxh3 35. Kxh3 h4 36. Kg2 hxg3 37. Nxg3 Kg6 38. Rh1 Qg4 39. Qxd3 1-0


[Site "https://www.chess.com"]

[Event "Titled Tuesday Blitz February 21 Early 2023"]
[White "Parpiev, Isaak"]
[Black "UNSTOPPABLE_LEGEND"]
[WhiteFideId "34281576"]
[WhiteElo "2167"]
[BlackElo "2437"]
[Result "1-0"]
[Round "11"]
[TimeControl "180+2"]
[Date "2023.02.21"]
[WhiteClock "0:00:02"]
[BlackClock "0:00:46"]

1. Nf3 d5 2. g3 c5 3. Bg2 Nc6 4. O-O e5 5. d3 Be7 6. e4 d4 7. Na3 g5 8. Nc4 f6 9. a4 Be6 10. c3 Nh6 11. cxd4 cxd4 12. Bd2 Nf7 13. a5 h5 14. Qa4 Qd7 15. b4 h4 16. Rfc1 Kf8 17. a6 b6 18. Nxb6 axb6 19. Qxc6 Kg7 20. Qxb6 hxg3 21. fxg3 Rhb8 22. Qc6 Ra7 23. h4 gxh4 24. Nxh4 Nd6 25. Qc2 Kf7 26. Qd1 Rg8 27. Qh5+ Kf8 28. Bh6+ Rg7 29. Ng6+ Kg8 30. Bxg7 Kxg7 31. Nxe7 Qxe7 32. Kf2 Bf7 33. Qg4+ Bg6 34. Rc6 Nf7 35. Rac1 Qxb4 36. Kg1 Qd2 37. Qf3 Qg5 38. Rf1 Nd8 39. Qxf6+ Qxf6 40. Rcxf6 Bh5 41. Rd6 Nf7 42. Rb6 Be2 43. Rxf7+ Rxf7 44. Rb7 Bxd3 45. Rxf7+ Kxf7 46. a7 Kf6 47. a8=Q Bc4 48. Qc6+ Be6 49. Bh3 Kg5 50. Qxe6 Kh5 51. Qf5+ Kh6 52. Qf6+ Kh7 53. Bf5+ Kg8 54. Qe7 Kh8 55. Qf8# 1-0


[Site "https://www.chess.com"]

[Event "Titled Tuesday Blitz February 21 Early 2023"]
[White "Sargissyan, Sargis"]
[Black "Reprintsev, Alexander"]
[WhiteFideId "13303210"]
[BlackFideId "14100541"]
[WhiteElo "2234"]
[BlackElo "2253"]
[Result "1/2-1/2"]
[Round "11"]
[TimeControl "180+2"]
[Date "2023.02.21"]
[WhiteClock "0:00:05"]
[BlackClock "0:00:21"]

1. e4 d5 2. exd5 Qxd5 3. Nc3 Qa5 4. d4 Nf6 5. Bc4 Nc6 6. Nf3 Bg4 7. h3 Qh5 8. Be2 O-O-O 9. O-O Nxd4 10. Nxd4 Bxe2 11. Ncxe2 e5 12. Be3 exd4 13. Nxd4 Bc5 14. Qxh5 Nxh5 15. Rad1 Rhe8 16. c3 h6 17. Nf5 Rxd1 18. Rxd1 Bxe3 19. Nxe3 Nf4 20. g3 Nxh3+ 21. Kg2 Ng5 22. Nf5 a5 23. Rd2 g6 24. Nxh6 f5 25. f4 Ne4 26. Re2 Re7 27. g4 Rg7 28. Kf3 Nd6 29. b3 Rh7 30. g5 Rg7 31. Re6 Kd7 32. Re5 b6 33. Ke3 c6 34. Kd3 b5 35. a4 Re7 36. Rxe7+ Kxe7 37. Ng8+ Ke6 38. Nf6 Nb7 39. Kd4 c5+ 40. Kd3 c4+ 41. bxc4 bxa4 42. Nd5 Kd6 43. Kc2 Kc5 44. Ne7 Kxc4 45. Nxg6 Nc5 46. Ne5+ Kd5 47. g6 Ne6 48. Kb2 Ke4 49. g7 Nxg7 50. Ng6 Ne6 51. Ka3 Nxf4 52. Ne7 Ne2 53. Nxf5 Nxc3 54. Nd6+ Kd5 55. Nb5 Nxb5+ 56. Kxa4 Na3 57. Kxa5 1/2-1/2


[Site "https://www.chess.com"]

[Event "Titled Tuesday Blitz February 21 Early 2023"]
[White "Derjabin, Ilja"]
[Black "Jovic, Stanoje"]
[WhiteFideId "14104768"]
[BlackFideId "905020"]
[WhiteElo "2333"]
[BlackElo "2075"]
[Result "1-0"]
[Round "11"]
[TimeControl "180+2"]
[Date "2023.02.21"]
[WhiteClock "0:00:07"]
[BlackClock "0:00:01"]

1. d4 Nf6 2. c4 e6 3. Nc3 Bb4 4. a3 Bxc3+ 5. bxc3 O-O 6. f3 Nh5 7. Nh3 f5 8. Bg5 Qe8 9. e3 h6 10. Bh4 g5 11. Bf2 d5 12. Bd3 Nc6 13. O-O Na5 14. cxd5 exd5 15. e4 f4 16. exd5 Bxh3 17. gxh3 Qd7 18. Kg2 Qxd5 19. Rb1 Nc4 20. Qa4 Nd2 21. Be1 Nxf1 22. Bxf1 Qf5 23. Rxb7 Rae8 24. Bf2 Re3 25. Qc4+ Rf7 26. Rxc7 Kg7 27. Rxf7+ Qxf7 28. Qxf7+ Kxf7 29. Bxe3 fxe3 30. Ba6 Nf4+ 31. Kg3 Ke6 32. h4 Kd6 33. hxg5 hxg5 34. h4 e2 35. Kf2 gxh4 36. Bxe2 h3 37. Bf1 h2 38. Bg2 Kd5 39. Bh1 Kc4 40. Ke3 Nd5+ 41. Ke4 Nxc3+ 42. Ke5 Ne2 43. d5 Kc5 44. d6 Kc6 45. f4+ Kd7 46. f5 Ng3 47. f6 Nxh1 48. f7 Ng3 49. f8=Q h1=Q 50. Qe7+ Kc6 51. Qc7+ Kb5 52. Qb8+ Kc4 53. Qb4+ Kd3 54. Qb3+ Ke2 55. Qxg3 Qh8+ 56. Kd5 Qa8+ 57. Kd4 Qc6 58. Qe5+ Kd2 59. Qd5 Qb6+ 60. Ke5+ Kc3 61. d7 Qd8 62. Kd6 Kb2 63. a4 1-0


[Site "https://www.chess.com"]

[Event "Titled Tuesday Blitz February 21 Early 2023"]
[White "Ramirez Allo, Eduardo"]
[Black "Sreyas Payyappat"]
[WhiteFideId "2224178"]
[BlackFideId "46674969"]
[WhiteElo "2274"]
[BlackElo "2076"]
[Result "1-0"]
[Round "11"]
[TimeControl "180+2"]
[Date "2023.02.21"]
[WhiteClock "0:00:40"]
[BlackClock "0:00:12"]

1. d4 Nf6 2. c4 c5 3. Nf3 e6 4. g3 cxd4 5. Nxd4 Nc6 6. Bg2 Qb6 7. Nb3 Ne5 8. Qc2 d5 9. cxd5 exd5 10. O-O Be6 11. Nc3 Bd6 12. Be3 Qc6 13. Nd4 Qd7 14. Ncb5 O-O 15. Nxd6 Qxd6 16. Rac1 Nc4 17. Bf4 Qb6 18. Nxe6 fxe6 19. b3 Nd6 20. Qc7 Nfe4 21. Qxb6 axb6 22. f3 Rxa2 23. fxe4 Nxe4 24. Bxe4 dxe4 25. e3 h6 26. Rc7 Rf5 27. Rd1 e5 28. g4 Rf6 29. Bxe5 Rg6 30. h3 Re2 31. Rd8+ Kh7 32. Rdd7 Rxe3 33. Bxg7 Rf3 34. Bf6+ Kg8 35. Rd8# 1-0


[Site "https://www.chess.com"]

[Event "Titled Tuesday Blitz February 21 Early 2023"]
[White "Yurasova, Daria"]
[Black "Fernandez Garcia, Gumersindo"]
[WhiteFideId "34146919"]
[BlackFideId "24516740"]
[WhiteElo "2095"]
[BlackElo "2160"]
[Result "0-1"]
[Round "11"]
[TimeControl "180+2"]
[Date "2023.02.21"]
[WhiteClock "0:00:11"]
[BlackClock "0:00:33"]

1. d4 Nf6 2. Bg5 e6 3. e4 c5 4. e5 h6 5. Bh4 g5 6. exf6 gxh4 7. Nf3 Qxf6 8. c3 Nc6 9. dxc5 Bxc5 10. Nbd2 d5 11. h3 e5 12. Nb3 Bb6 13. Qxd5 Be6 14. Qe4 O-O-O 15. Bb5 Bd5 16. Qxh4 Qxh4 17. Nxh4 Rhg8 18. O-O a6 19. Be2 Be6 20. Kh2 f5 21. Nf3 e4 22. Nfd2 Ne5 23. f4 Nd3 24. Bxd3 Rxd3 25. Rae1 a5 26. Re2 Rgd8 27. Nb1 a4 28. Nc1 Rd1 29. Ree1 Rxe1 30. Rxe1 Bc7 31. Ne2 Bc4 32. g3 Bxa2 33. Na3 Rd2 34. Kg1 Bb6+ 35. Kf1 Rxb2 36. Nd4 Bxd4 37. cxd4 b5 38. Rc1+ Kb7 39. Rc5 b4 40. Nc4 Bxc4+ 41. Rxc4 a3 0-1


[Site "https://www.chess.com"]

[Event "Titled Tuesday Blitz February 21 Early 2023"]
[White "Deng, Henry"]
[Black "Rego, Pedro Filipe"]
[WhiteFideId "30965454"]
[BlackFideId "1904310"]
[WhiteElo "2168"]
[BlackElo "2312"]
[Result "1-0"]
[Round "11"]
[TimeControl "180+2"]
[Date "2023.02.21"]
[WhiteClock "0:01:56"]
[BlackClock "0:00:32"]

1. e4 c5 2. Nc3 Nc6 3. Bb5 Nd4 4. Nf3 a6 5. Bd3 e6 6. O-O b5 7. Nxd4 cxd4 8. Ne2 Bc5 9. c3 dxc3 10. bxc3 Bb7 11. Bc2 d6 12. d4 Bb6 13. a4 Ne7 14. Rb1 O-O 15. axb5 axb5 16. Rxb5 Qc7 17. Rb1 Rfc8 18. Be3 e5 19. Bd3 Ba6 20. Bxa6 Rxa6 21. Qd3 Rca8 22. dxe5 dxe5 23. Bxb6 Rxb6 24. h3 Rc6 25. Rfd1 g6 26. Qd7 Kg7 27. Rb7 Qxd7 28. Rdxd7 1-0


[Site "https://www.chess.com"]